 Dungeon Crawl Stone Soup version 0.28-a0-1518-gbe868bca14 (webtiles) character file.

Game seed: 6913314406520979922

5005 porpoise the Grappler (level 10, -6/79 HPs)
             Began as a Demonspawn Transmuter on Jan 17, 2022.
             Was a Believer of Nemelex Xobeh.
             Mangled by a red ugly thing (21 damage)
             ... on level 9 of the Dungeon.
             The game lasted 00:36:35 (11472 turns).

porpoise the Grappler (Demonspawn Transmuter)      Turns: 11472, Time: 00:36:36

Health: -6/79      AC:  5    Str: 21    XL:     10   Next: 29%
Magic:  14/14      EV: 16    Int: 16    God:    Nemelex Xobeh [**....]
Gold:   389        SH:  0    Dex: 19    Spells: 12/15 levels left

rFire   . . .      SeeInvis .     - Unarmed
rCold   . . .      Faith    .   (no shield)
rNeg    . . .      Spirit   .   s - +0 robe
rPois   +          Reflect  .   (helmet currently unavailable)
rElec   .          Harm     .   (no cloak)
rCorr   .          Rampage  .   (gloves unavailable)
Will    .....                   (boots currently unavailable)
Stlth   +++.......              (no amulet)
HPRegen 0.23/turn               e - +4 ring of slaying
MPRegen 0.14/turn               D - ring "Wefosadif" {rPois Will- Str+7 Dex+6}

@: appendages
A: horns 2, talons 2, claws 3, molten scales 2, ignite blood 1, powered by death
1
a: End Transformation, Renounce Religion, Draw Escape, Draw Destruction, Draw
Summoning


You were on level 9 of the Dungeon.
You worshipped Nemelex Xobeh.
Nemelex Xobeh was pleased with you.
You had temporarily grown beastly horns and talons.
You visited 2 branches of the dungeon, and saw 10 of its levels.

You collected 389 gold pieces.

Inventory:

Hand Weapons
 b - a +2 hunting sling of flaming
 F - a +1 hunting sling
Missiles
 g - 49 sling bullets
 o - 131 arrows
 p - 211 stones
 q - 38 bolts
 u - 5 poisoned darts (quivered)
 x - 4 throwing nets
 y - 3 boomerangs of dispersal
 B - 2 javelins
Armour
 j - a +0 pair of boots (melded)
 l - a +1 helmet
 s - a +0 robe (worn)
 A - a +2 hat (melded)
Magical Staves
 c - a staff of earth
Jewellery
 e - a +4 ring of slaying (left claw)
 k - a ring of protection from cold
 v - a ring of see invisible
 D - the ring "Wefosadif" (right claw) {rPois Will- Str+7 Dex+6}
   (You found it on level 8 of the Dungeon)

   [ring of dexterity]

   Str:       It affects your strength (+7).
   Dex:       It affects your dexterity (+6).
   rPois:     It protects you from poison.
   Will:      It decreases your willpower.
 G - a +6 ring of intelligence
Wands
 n - a wand of iceblast (36)
 r - a wand of flame (23)
 z - a wand of acid (2)
Scrolls
 f - a scroll of immolation
 C - a scroll of summoning
 E - a scroll of vulnerability
 I - a scroll of torment
Potions
 a - 4 potions of mutation
 d - a potion of brilliance
 h - a potion of haste
 i - 3 potions of flight
 m - 2 potions of might
 t - a potion of berserk rage
 w - 2 potions of ambrosia


   Skills:
 - Level 7.0 Fighting
 * Level 6.6 Dodging
 - Level 5.0 Stealth
 - Level 9.0 Unarmed Combat
 - Level 3.0 Spellcasting
 * Level 1.9 Transmutations
 - Level 5.0 Invocations
 + Level 0.2 Evocations


You had 12 spell levels left.
You knew the following spells:

 Your Spells              Type           Power      Damage    Failure   Level
a - Beastly Appendage     Tmut           16%        N/A       9%          1
w - Wereblood             Tmut           8%         N/A       13%         2

Your spell library contained the following spells:

 Spells                   Type           Power      Damage    Failure   Level
 Corpse Rot               Necr/Air       4%         N/A       28%         2
 Poisonous Vapours        Pois/Air       4%         N/A       28%         2
 Static Discharge         Conj/Air       2%         N/A       28%         2
 Spider Form              Tmut/Pois      5%         N/A       36%         3
 Ice Form                 Ice/Tmut       5%         N/A       77%         4
 Dispel Undead            Necr           2%         3d7       88%         4
 Sticky Flame             Conj/Fire      2%         2d3       88%         4


Dungeon Overview and Level Annotations

Branches:
Dungeon (9/15)             Temple (1/1) D:4
   Lair: D:8-11         Orc: D:9-12

Altars:
Ashenzari
Cheibriados
Dithmenos
Elyvilon
Fedhas
Gozag
Kikubaaqudgha
Makhleb
Nemelex Xobeh
Okawaru
Ru
Trog
Uskayaw
Vehumet
Wu Jian
Xom
Zin

Annotations:
D:4 3 runed translucent doors, awesomeguy42's ghost, amateur HuNe
D:8 dig


Innate Abilities, Weirdness & Mutations

You have temporarily grown beastly horns and talons.
You have claws for hands.
You are mostly covered in molten scales. (AC +3)
Your demonic aura sometimes causes spilled blood to erupt in flames.
You regenerate a little health from kills.


Message History

The red ugly thing gurgles horribly!
Press: ? - help, v - describe, . - travel
Here: a red ugly thing The floor.
You shoot a sling bullet.
The sling bullet hits the red ugly thing.
The red ugly thing is lightly wounded.
The red ugly thing is engulfed in blazing flames.
You shoot a sling bullet.
The sling bullet hits the red ugly thing but does no damage.
The red ugly thing is lightly wounded.
Casting: Beastly Appendage (safe; 9% risk of failure)
Confirm with . or Enter, or press ? or * to list all spells.
You grow a pair of large bovine horns.
Your feet morph into talons.
Your +2 hat melds into your body.
Your +0 pair of boots melds into your body.
Your +2 hunting sling of flaming stops flaming.
You are now empty-clawed.
You closely miss the red ugly thing. You claw the red ugly thing.
The red ugly thing is lightly wounded.
The red ugly thing trunk-slaps you.
You are engulfed in flames!!
You scratch the red ugly thing.
The red ugly thing is lightly wounded.
The red ugly thing barely misses you.
You claw the red ugly thing!
The red ugly thing is heavily wounded.
You barely miss the red ugly thing.
You claw the red ugly thing, but do no damage.
The red ugly thing is heavily wounded.
The red ugly thing trunk-slaps you.
You are engulfed in flames!
You scratch the red ugly thing but do no damage.
You headbutt the red ugly thing!
The red ugly thing is heavily wounded.
The red ugly thing trunk-slaps you!
You are engulfed in flames!
* * * LOW HITPOINT WARNING * * *
You feel much better. The red ugly thing trunk-slaps you!
* * * LOW HITPOINT WARNING * * *
You are engulfed in flames!!
You die...
Your body glows slightly and disappears.

### #.#
#.#########...
#)..@u..(...#.
#.######....##
#.# ...## #.#
##(# #.# ##?
############.#
##
.....#.....#.#
.
.####...###.#.#
..............#


You could see a red ugly thing.

Vanquished Creatures
  Harold (D:7)
  Grinder (D:5)
  2 water moccasins (D:7)
  Duvessa (D:5)
  3 sky beasts
  2 necrophages
  An ogre (D:4)
  An ice beast (D:5)
  Blork the orc (D:4)
  6 scorpions
  5 bullfrogs
  2 wyvern skeletons (D:7)
  Dowan (D:5)
  7 wights (D:8)
  12 killer bees
  2 howler monkeys
  A centaur zombie (D:8)
  5 hounds
  An orc priest (D:6)
  A centaur skeleton (D:5)
  A jelly (D:4)
  A bullfrog skeleton (D:6)
  A gnoll shaman (D:5)
  Jessica (D:3)
  3 iguanas
  Ijyb (D:5)
  3 orc wizards
  A killer bee zombie (D:8)
  A hound zombie (D:5)
  A hound skeleton (D:4)
  2 howler monkey zombies
  7 gnolls
  A howler monkey skeleton (D:7)
  9 adders
  2 shadow imps (D:6)
  An ufetubus (D:6)
  2 worms
  8 orcs
  5 endoplasms
  7 giant cockroaches
  4 goblins
  15 hobgoblins
  6 jackals
  A quokka (D:4)
  8 ball pythons
  6 bats
  2 frilled lizards
  9 kobolds
  2 rats
167 creatures vanquished.

Vanquished Creatures (others)
  A vampire mosquito (D:8)
  6 plants (D:7)
7 creatures vanquished.

Grand Total: 174 creatures vanquished

Notes
Turn   | Place    | Note
-------+----------+-------------------------------------------
     0 | D:1      | porpoise the Demonspawn Transmuter began the quest for the
                  | Orb.
     0 | D:1      | Reached XP level 1. HP: 15/15 MP: 3/3
   155 | D:1      | Reached skill level 3 in Unarmed Combat
   155 | D:1      | Gained mutation: You have sharp fingernails. [demonic
                  | ancestry]
   155 | D:1      | Reached XP level 2. HP: 20/21 MP: 3/5
   772 | D:1      | Reached skill level 1 in Stealth
   854 | D:1      | Reached XP level 3. HP: 24/27 MP: 4/6
  2306 | D:2      | Found a faded altar of an unknown god.
  2316 | D:2      | Learned a level 2 spell: Wereblood
  2322 | D:2      | Gained mutation: You are partially covered in molten
                  | scales. (AC +2) [demonic ancestry]
  2322 | D:2      | Reached XP level 4. HP: 34/34 MP: 5/7
  3018 | D:3      | Found an opulent altar of Gozag.
  3295 | D:3      | Gained mutation: You regenerate a little health from kills.
                  | [demonic ancestry]
  3295 | D:3      | Reached XP level 5. HP: 41/41 MP: 6/8
  3433 | D:3      | Noticed Jessica
  3436 | D:3      | Killed Jessica
  3437 | D:3      | Reached skill level 4 in Unarmed Combat
  3567 | D:3      | Found a sacrificial altar of Ru.
  4386 | D:4      | Noticed Blork the orc
  4397 | D:4      | HP: 2/41 [Blork the orc/magic dart (6)]
  4403 | D:4      | Killed Blork the orc
  4404 | D:4      | Gained mutation: You have very sharp fingernails. [demonic
                  | ancestry]
  4404 | D:4      | Reached XP level 6. HP: 8/48 MP: 9/9
  4784 | D:4      | Found a staircase to the Ecumenical Temple.
  4888 | Temple   | Entered the Ecumenical Temple
  5024 | Temple   | Became a worshipper of Nemelex Xobeh the Trickster
  5373 | D:4      | Reached skill level 5 in Unarmed Combat
  5445 | D:4      | Reached XP level 7. HP: 54/55 MP: 8/10
  5655 | D:4      | Found a runed translucent gate.
  5655 | D:4      | Found a runed translucent gate.
  5655 | D:4      | Found a runed translucent gate.
  5656 | D:4      | Noticed awesomeguy42's ghost (amateur HuNe)
  6159 | D:5      | Entered Level 5 of the Dungeon
  6167 | D:5      | Reached skill level 5 in Fighting
  6361 | D:5      | Noticed Ijyb
  6381 | D:5      | Killed Ijyb
  6470 | D:5      | Reached skill level 6 in Unarmed Combat
  6470 | D:5      | Gained mutation: You have claws for hands. [demonic
                  | ancestry]
  6470 | D:5      | Reached XP level 8. HP: 50/64 MP: 8/11
  6488 | D:5      | Noticed Grinder
  6498 | D:5      | Killed Grinder
  6826 | D:5      | Noticed Dowan
  7089 | D:5      | Reached * piety under Nemelex Xobeh
  7119 | D:5      | Noticed Duvessa
  7132 | D:5      | Killed Duvessa
  7138 | D:5      | Killed Dowan
  7805 | D:6      | Reached skill level 7 in Unarmed Combat
  7997 | D:6      | Received a gift from Nemelex Xobeh
  8039 | D:6      | Reached skill level 5 in Stealth
  8039 | D:6      | Gained mutation: Your demonic aura sometimes causes spilled
                  | blood to erupt in flames. [demonic ancestry]
  8039 | D:6      | Reached XP level 9. HP: 70/72 MP: 12/12
  8245 | D:6      | Found a radiant altar of Vehumet.
  8249 | D:6      | Found a snail-covered altar of Cheibriados.
  8249 | D:6      | Found an ancient bone altar of Kikubaaqudgha.
  8251 | D:6      | Found a shadowy altar of Dithmenos.
  8252 | D:6      | Found a blossoming altar of Fedhas.
  8791 | D:7      | Received a gift from Nemelex Xobeh
  8826 | D:7      | Reached ** piety under Nemelex Xobeh
  8907 | D:7      | Noticed a boulder beetle
  9102 | D:7      | Noticed Harold
  9111 | D:7      | Killed Harold
  9112 | D:7      | Reached skill level 8 in Unarmed Combat
  9449 | D:7      | Reached skill level 5 in Dodging
  9466 | D:7      | HP: 3/72 [boulder beetle (3)]
  9468 | D:7      | Banished a boulder beetle
 10119 | D:7      | Reached skill level 9 in Unarmed Combat
 10119 | D:7      | Gained mutation: You are mostly covered in molten scales.
                  | (AC +3) [demonic ancestry]
 10119 | D:7      | Reached XP level 10. HP: 79/79 MP: 13/13
 10473 | D:8      | Identified the ring "Wefosadif" {rPois Will- Str+7 Dex+6}
 11178 | D:8      | Reached skill level 5 in Invocations
 11460 | D:9      | Noticed a red ugly thing
 11472 | D:9      | Mangled by a red ugly thing

Illustrated notes

Levels and vault maps discovered:
D:1:      dpeg_arrival_round_b, layout_basic, st_stairs_11,
          minmay_misc_feat_room
D:2:      layout_loops_corners, nicolae_ecumenical_snake_handling
D:3:      layout_loops_corners, overflow_temple_1_default,
          nicolae_ru_path_of_blood, kennysheep_generic_room_8, uniq_jessica
D:4:      minmay_clustersquares, layout_loops_ring,
          minmay_temple_entry_gardened_gates, ebering_ghost_rock_garden,
          uniq_blork_the_orc
D:5:      layout_cave_pools, corexii_corridor_pit,
          chequers_serial_rivers_micro_e, uniq_duvessa, uniq_grinder, uniq_ijyb
D:6:      layout_loops_corners, grunt_temple_overflow_open
D:7:      layout_gridville, serial_bayou_crossing, uniq_harold
D:8:      layout_basic, lightli_corner_chamber
D:9:      minmay_four_partial_circles, layout_basic, david_lair_generic,
          kb_rosetta
Temple:   regret_index_temple_generic_petals

Skill      XL: |  1  2  3  4  5  6  7  8  9 10 |
---------------+-------------------------------+-----
Unarmed Combat | 3 4 5 6 7 9 |  9.0
Fighting       | 2 3 4 5 7 |  7.0
Stealth        | 1 2 3 5 |  5.0
Dodging        | 3 5 6 |  6.6
Invocations    | 3 5 |  5.0
Spellcasting   | 3 |  3.0
Transmutations | |  1.9
Evocations     | |  0.2

Action                   |  1- 3 |  4- 6 |  7- 9 | 10-12 || total
-------------------------+-------+-------+-------+-------++-------
Melee: Unarmed           |    72 |    81 |   135 |    42 ||   330
       Kick              |     9 |    21 |    25 |     3 ||    58
       Headbutt          |    13 |    18 |    12 |     2 ||    45
       Punch             |       |     3 |     7 |     1 ||    11
       Staff             |       |       |     8 |       ||     8
 Fire: Hunting sling     |       |    29 |    56 |    42 ||   127
Throw: Dart              |       |       |    10 |       ||    10
 Cast: Beastly Appendage |    30 |    26 |    21 |     2 ||    79
       Wereblood         |       |       |     1 |       ||     1
Invok: Draw Escape       |       |       |     3 |       ||     3
Evoke: Wand              |       |       |     1 |       ||     1
  Use: Scroll            |     2 |     7 |     6 |     4 ||    19
       Potion            |       |     4 |       |     1 ||     5
 Stab: Sleeping          |     1 |     1 |     3 |     1 ||     6
Armor: Robe              |     6 |    19 |    39 |     8 ||    72
Dodge: Dodged            |    29 |    33 |    68 |    28 ||   158

Table legend: (Time is in decaauts)
 A = Elapsed time spent in this place.
 B = Non-inter-level travel time spent in this place.
 C = Inter-level travel time spent in this place.
 D = Time resting spent in this place.
 E = Time spent auto-exploring this place.
 F = Levels seen in this place.
 G = Mean time per level.
                   A        B        C        D        E       F      G
               +--------+--------+--------+--------+--------+-----+--------+
         Total |  11390 |  10983 |    407 |   4052 |   5463 |  10 | 1139.0 |
       Dungeon |  11227 |  10846 |    381 |   4052 |   5335 |   9 | 1247.4 |
        Temple |    162 |    136 |     26 |      0 |    128 |   1 |  162.0 |
               +--------+--------+--------+--------+--------+-----+--------+

Top non-repeatable levels by time:
     D:7: 1819 daAuts
     D:3: 1714 daAuts
     D:4: 1692 daAuts
     D:1: 1685 daAuts
     D:5: 1316 daAuts
     D:6: 1123 daAuts
     D:8: 966 daAuts
     D:2: 870 daAuts
  Temple: 162 daAuts
     D:9: 37 daAuts
